 Dungeon Crawl Stone Soup version 0.30.0-29-ga12c61a403 (webtiles) character file.

Game seed: 15110787653430322233

2918 NotreDorf the Spear-Bearer (level 9, -1/74 HPs)
             Began as a Merfolk Berserker on May 20, 2023.
             Was a High Priest of Trog.
             Slain by an orc
             ... wielding a +0 club
              (4 damage)
             ... on level 10 of the Dungeon on June 11, 2023.
             The game lasted 00:21:20 (6083 turns).

NotreDorf the Spear-Bearer (Merfolk Berserker)      Turns: 6083, Time: 00:21:21

Health: -1/74      AC:  6    Str: 21    XL:     9   Next: 79%
Magic:  9/9        EV: 15    Int:  7    God:    Trog [*****.]
Gold:   450        SH:  0    Dex: 13    Spells: 8/8 levels left

rFire   . . .        x - +0 halberd
rCold   . . .        (shield currently unavailable)
rNeg    + . .        c - +0 leather armour {rN+}
rPois   .            n - +1 hat
rElec   .            (no cloak)
rCorr   .            (no gloves)
SInv    .            o - +1 pair of boots
Will    .....        b - amulet of regeneration
Stlth   +            (no ring)
HPRegen 1.12/turn    (no ring)
MPRegen 0.11/turn

%: no passive effects
@: on berserk cooldown, slowed, very slow
A: (nimble swimmer 2), mertail
a: Renounce Religion, Berserk, Trog's Hand, Brothers in Arms


You were on level 10 of the Dungeon.
You worshipped Trog.
Trog was extremely pleased with you.
You visited 1 branch of the dungeon, and saw 8 of its levels.
You also visited: Sewer.

You collected 450 gold pieces.

Inventory:

Hand Weapons
 k - a +0 trident
 x - a +0 halberd (weapon)
Missiles
 i - 64 stones (quivered)
Armour
 c - a +0 leather armour of positive energy (worn)
 n - a +1 hat (worn)
 o - a +1 pair of boots (worn)
 B - a +2 leather armour of cold resistance
Jewellery
 b - an amulet of regeneration (around neck)
Wands
 u - a wand of polymorph (19)
 C - a wand of iceblast (9)
 D - a wand of charming (2)
Scrolls
 d - 2 scrolls of magic mapping
 f - 6 scrolls of teleportation
 h - a scroll of noise {unknown}
 p - a scroll of torment {unknown}
 q - a scroll of brand weapon {unknown}
 s - a scroll of poison {unknown}
 t - a scroll of fog {unknown}
 v - a scroll of silence {unknown}
 y - a scroll of blinking {unknown}
 z - a scroll of summoning {unknown}
 A - a scroll of enchant armour {unknown}
Potions
 a - 2 potions of haste
 e - a potion of berserk rage
 g - a potion of heal wounds {unknown}
 j - a potion of brilliance {unknown}
 l - 3 potions of curing
 m - 7 potions of flight
 r - a potion of lignification {unknown}
 w - 3 potions of mutation {unknown}


   Skills:
 + Level 8.0 Fighting
 + Level 9.6 Polearms
 + Level 6.2 Throwing
 - Level 1.3 Armour
 + Level 9.1 Dodging


You had 8 spell levels left.
You didn't know any spells.
Your spell library was empty.

Dungeon Overview and Level Annotations

Branches:
Dungeon (7/15)              Sewer (visited)
 Temple: D:4-7

Altars:
Makhleb
Yredelemnul

Shops:
D:2 *

Annotations:
D:5 1 runed translucent door, Crazy Yiuf
D:7 3 runed translucent doors, jtron's ghost, novice TeSu
D:10 Grum


Innate Abilities, Weirdness & Mutations

((You are very nimble when in or above water. (Stealth+, EV+, Speed+++)))
Your lower body shifts to a powerful aquatic tail in water.


Message History

You slash Grum!
Grum is severely wounded.
The orc closely misses you. Grum hits you with a -1 spear.
Grum closely misses you. The orc misses you.
You hit Grum but do no damage.
Grum is severely wounded.
The orc hits you but does no damage. Grum misses you.
You puncture Grum!
Grum is almost dead.
The orc misses you. Grum hits you with a -1 spear! x2
* * * LOW HITPOINT WARNING * * *
The orc closely misses you.
You barely miss Grum.
Grum is almost dead.
The orc closely misses you. Grum closely misses you.
You hit Grum but do no damage.
Grum is almost dead.
The orc closely misses you. Grum barely misses you.
Grum hits you with a -1 spear.
* * * LOW HITPOINT WARNING * * *
The orc hits you but does no damage.
You hit Grum but do no damage.
Grum is almost dead.
The orc closely misses you. Grum hits you with a -1 spear.
* * * LOW HITPOINT WARNING * * *
You barely miss Grum.
Grum is almost dead.
The orc barely misses you. Grum closely misses you. Grum misses you.
The orc misses you.
You barely miss Grum.
Grum is almost dead.
The orc completely misses you. Grum hits you with a -1 spear!
* * * LOW HITPOINT WARNING * * *
Grum hits you with a -1 spear.
* * * LOW HITPOINT WARNING * * *
The orc closely misses you.
You hit Grum.
Grum is almost dead.
The orc hits you with a +0 club.
You die...

.. ...# #......# #.#
......## ... ...#...
..# ##.#..###..###
....... .... # #.#..#
..#
#..##.##.#..###..#.##?
#...........o@.....>..
.........?.#g###.....#
...#.......#.# ###.#
....#......#.# ##
#......#.. ........#..
##########... ##.# .#


You could see Grum and an orc.

Vanquished Creatures
  Sigmund (D:4)
  Menkaure (D:4)
  2 ice beasts
  A black bear (D:6)
  3 ogres
  An orc warrior (D:10)
  3 wolves (D:10)
  3 centaurs (D:5)
  A phantom (D:4)
  Blork the orc (D:4)
  2 bullfrogs
  A scorpion (D:6)
  5 wights (D:7)
  A jelly (D:6)
  2 hounds
  5 orc priests
  2 gnoll boudas (D:5)
  Ijyb (D:5)
  2 iguanas (D:5)
  Natasha (twice) (D:4)
  3 orc wizards
  A sickly merfolk siren (Sewer)
  A malarious merfolk avatar (Sewer)
  10 gnolls (D:5)
  11 adders
  8 river rats
  3 ufetubi
  5 worms (D:3)
  A dart slug (D:1)
  18 orcs
  5 endoplasms
  3 giant cockroaches
  4 goblins
  7 hobgoblins
  4 quokkas
  12 ball pythons
  3 bats
  5 frilled lizards
  7 kobolds
  30 rats
181 creatures vanquished.

Notes
Turn   | Place    | Note
-------+----------+-------------------------------------------
     0 | D:1      | NotreDorf the Merfolk Berserker began the quest for the
                  | Orb.
     0 | D:1      | Reached XP level 1. HP: 18/18 MP: 1/1
   160 | D:1      | Reached XP level 2. HP: 24/24 MP: 2/2
   716 | D:1      | Found a faded altar of an unknown god.
   733 | D:1      | Reached XP level 3. HP: 30/30 MP: 3/3
   968 | D:2      | Found Fetech's Assorted Antiques.
   976 | D:2      | Reached ** piety under Trog
  1516 | D:3      | Reached XP level 4. HP: 21/37 MP: 4/4
  1558 | D:3      | Reached skill level 1 in Throwing
  1563 | D:3      | Reached skill level 5 in Polearms
  1601 | D:3      | Reached XP level 5. HP: 42/42 MP: 5/5
  1690 | D:3      | Found a glowing drain.
  1707 | Sewer    | Entered a sewer
  1758 | Sewer    | Reached *** piety under Trog
  1803 | Sewer    | Reached XP level 6. HP: 49/49 MP: 6/6
  2136 | D:3      | Noticed an ice beast
  2143 | D:3      | Killed an ice beast
  2144 | D:3      | Reached skill level 5 in Fighting
  2144 | D:3      | Reached skill level 5 in Dodging
  2301 | D:3      | Reached **** piety under Trog
  2492 | D:4      | Noticed Natasha
  2497 | D:4      | Killed Natasha
  2498 | D:4      | Reached XP level 7. HP: 52/56 MP: 7/7
  2710 | D:4      | Noticed Sigmund
  2717 | D:4      | Killed Sigmund
  2718 | D:4      | Noticed Blork the orc
  3062 | D:4      | Noticed Menkaure
  3071 | D:4      | Killed Menkaure
  3072 | D:4      | Reached XP level 8. HP: 64/64 MP: 8/8
  3180 | D:4      | Noticed Natasha
  3195 | D:4      | Killed Natasha
  3412 | D:4      | Killed Blork the orc
  3441 | D:5      | Entered Level 5 of the Dungeon
  3669 | D:5      | Noticed Ijyb
  3682 | D:5      | Killed Ijyb
  3756 | D:5      | Reached skill level 5 in Throwing
  3840 | D:5      | Reached XP level 9. HP: 70/72 MP: 9/9
  4022 | D:5      | Found a basalt altar of Yredelemnul.
  4419 | D:5      | Found a runed translucent door.
  4422 | D:5      | Noticed Crazy Yiuf
  4466 | D:5      | Identified the +4 spear of Distraction {drain, rC++ SInv}
  4614 | D:4      | Upgraded the game from 0.30.0-16-gbe6223bb7e to
                  | 0.30.0-29-ga12c61a403
  4867 | D:6      | Reached ***** piety under Trog
  4880 | D:6      | Found a burning altar of Makhleb.
  6013 | D:7      | Found a runed translucent gate.
  6013 | D:7      | Found a runed translucent gate.
  6014 | D:7      | Found a runed translucent gate.
  6015 | D:7      | Noticed jtron's ghost (novice TeSu)
  6026 | D:7      | You fall into a shaft and drop 3 floors!
  6026 | D:10     | Entered Level 10 of the Dungeon
  6042 | D:10     | Noticed Grum
  6082 | D:10     | HP: 1/74 [Grum/-1 spear (6)]
  6083 | D:10     | Slain by an orc

Illustrated notes

Levels and vault maps discovered:
D:1:      dpeg_arrival_prison, layout_loops_corners, basic_ecumenical_altar,
          corexii_corridor_pit, minmay_misc_feat_alley, hex_medium
D:2:      layout_rooms, serial_corexii_hall, chequers_hall_statues_wall_a,
          corexii_hall_statues_i, chequers_hall_statues_corner_a, serial_shops,
          shop
D:3:      layout_rooms, lightli_sewer_entry_pipes, due_unseen_surprise
D:4:      layout_loops_ring, minmay_cut_off, uniq_sigmund, uniq_blork_the_orc,
          uniq_menkaure, uniq_natasha
D:5:      layout_basic, marbit_many_paths, uniq_crazy_yiuf_cottage, uniq_ijyb
D:6:      layout_basic, kennysheep_mini, hangedman_abyss_or_decor_stagger,
          minivault_19
D:7:      layout_basic, minmay_temple_entry_nine_rooms, gammafunk_ghost_split
D:10:     minmay_gate_of_8, layout_loops_cross, lemuel_tele_altar,
          small_statue_alley_b, bh_hangedman_babel_library, uniq_grum

Skill      XL: |  1  2  3  4  5  6  7  8  9 |
---------------+----------------------------+-----
Dodging        | 3 4 5 6 7 9 |  9.1
Fighting       | 4 5 6 7 8 |  8.0
Throwing       | 1 2 3 5 6 |  6.2
Polearms       | 5 6 7 8 9 |  9.6
Armour         | |  1.3

Action                     |  1- 3 |  4- 6 |  7- 9 || total
---------------------------+-------+-------+-------++-------
  Melee: Spear             |    81 |       |       ||    81
         Punch             |     2 |     3 |     2 ||     7
         Trident           |    48 |   223 |   204 ||   475
         Tailslap          |       |    12 |       ||    12
         Unarmed           |       |       |    10 ||    10
         Halberd           |       |       |   168 ||   168
  Throw: Stone             |       |       |     7 ||     7
 Invoke: Berserk           |       |     1 |     1 ||     2
    Use: Scroll            |       |       |     5 ||     5
   Stab: Sleeping          |     1 |     6 |     3 ||    10
 Armour: Leather armour    |    16 |    25 |    64 ||   105
         Animal skin       |     1 |       |       ||     1
  Dodge: Dodged            |    65 |   125 |   287 ||   477
